 Dungeon Crawl Stone Soup version 0.18.1-6-gd335043 (webtiles) character file.

5654 Moloch the Grappler (level 10, -3/70 HPs)
             Began as a Demonspawn Fighter on May 16, 2016.
             Was a High Priest of Okawaru.
             Killed from afar by Erica (25 damage)
             ... with an orb of energy
             ... on level 9 of the Dungeon.
             The game lasted 00:24:04 (13063 turns).

Moloch the Grappler (Demonspawn Fighter)           Turns: 13063, Time: 00:24:05

Health: -3/70      AC: 14    Str: 18    XL:     10   Next: 46%
Magic:  9/10       EV:  7    Int:  9    God:    Okawaru [*****.]
Gold:   341        SH:  9    Dex: 13    Spells: 0 memorised, 9 levels left

rFire  . . .     SeeInvis +       - Unarmed
rCold  + . .     Gourm    .     b - +0 scale mail
rNeg   . . .     Faith    .     c - +0 shield
rPois  .         Spirit   .     v - +1 hat
rElec  .         Dismiss  .     (no cloak)
rCorr  .         Reflect  .     (no gloves)
SustAt .         Harm     .     Y - +0 pair of boots
MR     .....                    (no amulet)
Stlth  ++........               i - ring of see invisible
                                O - +4 ring of protection

@: slowed, very slow, not resistant to hostile enchantments, unstealthy
A: antennae 1, talons 1, yellow scales 1, clumsy 1, cold resistance 1,
nightstalker 2, slow regeneration 1, wild magic 1, freezing cloud immunity
a: Heroism, Finesse, Renounce Religion


You were on level 9 of the Dungeon.
You worshipped Okawaru.
Okawaru was extremely pleased with you.
You were very hungry.

You visited 1 branch of the dungeon, and saw 10 of its levels.
You also visited: Ossuary.

You collected 341 gold pieces.

Inventory:

Missiles
 d - 5 tomahawks (quivered)
 T - 7 tomahawks of returning
 V - a throwing net
Armour
 b - a +0 scale mail (worn)
 c - a +0 shield (worn)
 v - a +1 hat (worn)
 Y - a +0 pair of boots (worn)
Jewellery
 g - an uncursed ring of resist corrosion
 i - a ring of see invisible (right hand)
 q - an uncursed amulet of dismissal
 B - an uncursed ring of protection from fire
 O - a +4 ring of protection (left hand)
 W - a +2 ring of intelligence
Wands
 a - a wand of paralysis (1/24)
 n - a wand of teleportation (3/9)
 x - a wand of lightning (7/15)
 A - a wand of paralysis (5/24)
 I - a wand of lightning (4/15)
 N - a wand of flame (31/48)
 U - a wand of lightning (1/15)
Scrolls
 k - 3 scrolls of remove curse
 p - a scroll of fear {unknown}
 s - 4 scrolls of enchant weapon
 w - 3 scrolls of immolation
 y - 2 scrolls of recharging
 z - 3 scrolls of teleportation {unknown}
 C - a scroll of noise {unknown}
 G - a scroll of acquirement {unknown}
 J - a scroll of random uselessness {unknown}
 P - 3 scrolls of identify
 X - a scroll of magic mapping
 Z - a scroll of blinking
Potions
 e - a potion of magic
 j - 2 potions of cancellation
 l - 3 potions of curing
 r - 2 potions of degeneration {unknown}
 t - 2 potions of heal wounds
 u - a potion of resistance
 D - 4 potions of invisibility
 E - 2 potions of ambrosia {unknown}
 F - a potion of mutation
 H - 2 potions of haste
 K - a potion of agility
 L - a potion of lignification
 M - 2 potions of brilliance {unknown}
 R - a potion of might
Books
 Q - a book of Fire

   Spells                             Type                      Level
   a - Ignite Poison                  Fire/Transmutation/Poison    3
   b - Fireball                       Conjuration/Fire             5
   c - Bolt of Fire                   Conjuration/Fire             6
   d - Delayed Fireball               Conjuration/Fire             7
   e - Ring of Flames                 Charms/Fire                  7
Comestibles
 f - 3 bread rations
 h - 4 meat rations
 m - 7 fruits
 o - 3 beef jerkies
 S - a slice of pizza


   Skills:
 - Level 3.0 Fighting
   Level 2.6 Axes
 - Level 2.6 Armour
 - Level 2.6 Shields
 + Level 13.6 Unarmed Combat


You had 9 spell levels left.
You didn't know any spells.

Dungeon Overview and Level Annotations

Branches:
Dungeon (10/15)            Temple (0/1) D:7
   Lair: D:8-11         Orc: D:9-12

Altars:
Ashenzari
Dithmenos
Fedhas
Kikubaaqudgha
Makhleb
Nemelex Xobeh
Okawaru
Pakellas
Ru
Trog
The Shining One

Shops:
D:9 [

Annotations:
D:9 Erica
D:10 exclusion: hill giant, Urug


Innate Abilities, Weirdness & Mutations

You have sharp toenails.
You are partially covered in yellow scales (AC +2).
Your flesh is cold resistant.
You are significantly more attuned to the shadows.
You are immune to freezing clouds.
You have a pair of small antennae on your head.
You are clumsy. (Dex -2)
You regenerate slowly when monsters are visible.
Your spells are a little harder to cast, but a little more powerful.


Message History

Okay, then.
You hit Erica but do no damage.
Erica is moderately wounded.
You block Erica's attack.
You barely miss Erica.
Erica is moderately wounded.
Erica closely misses you.
You punch Erica!
Erica is heavily wounded.
Erica hits you with a scimitar of flaming!
Erica burns you.
You hit Erica.
Erica is heavily wounded.
You feel like a meek peon again. Erica hits you but does no damage.
Your shield prevents you from hitting Erica.
Erica is heavily wounded.
Erica points at you and mumbles some strange words.
The orb of energy hits you!
You die...

.# #.###
#....# ##...#
...... #....#
....# ##....#
..## #.....#
.## .# #..@.#
# ## ...#.@.#
#..# # #
#....## #..# #
#
###...####..#
##
#.##...##..#
#. ##
###.....# ##.
##....## #.. #
###...######.#
# ##.<.......
##
##..#######.


You could see Erica.

Vanquished Creatures
  Pikel (D:5)
  Joseph (D:7)
  Maurice (D:8)
  Prince Ribbit (D:8)
  A two-headed ogre (D:9)
  A wyvern (D:9)
  Menkaure (D:4)
  Edmund (D:6)
  An ice beast (D:5)
  2 sky beasts
  3 ogres
  2 phantoms
  3 centaurs
  4 giant frogs
  Blork the orc (D:6)
  2 big kobolds (D:7)
  A water moccasin zombie (D:7)
  8 scorpions
  3 killer bees (D:7)
  4 wights (D:7)
  2 crimson imps
  A giant frog zombie (D:6)
  3 centaur zombies (Ossuary)
  5 hounds
  A human zombie (Ossuary)
  2 jellies
  5 orc priests
  3 giant frog skeletons
  A gnoll shaman (D:8)
  Jessica (D:2)
  4 iguanas
  6 orc wizards
  3 worker ants
  2 big kobold zombies (Ossuary)
  A hound skeleton (D:9)
  3 mummies (Ossuary)
  Robin (D:4)
  A worker ant zombie (D:9)
  7 gnolls
  6 scorpion zombies (Ossuary)
  18 adders
  A howler monkey skeleton (D:6)
  2 shadow imps (D:8)
  2 oozes
  2 worms
  3 dart slugs
  5 giant geckos
  32 orcs
  3 ball pythons
  5 giant cockroaches
  21 hobgoblins
  13 jackals
  2 quokkas
  9 bats
  4 giant newts
  5 gnoll zombies (Ossuary)
  18 goblins
  A goblin zombie (Ossuary)
  19 kobolds
  2 kobold zombies (Ossuary)
  An orc zombie (Ossuary)
  6 rats
274 creatures vanquished.

Vanquished Creatures (others)
  2 orcs (D:8)
  A kobold zombie (Ossuary)
3 creatures vanquished.

Grand Total: 277 creatures vanquished

Notes
Turn   | Place    | Note
--------------------------------------------------------------
     0 | D:1      | Moloch the Demonspawn Fighter began the quest for the Orb.
     0 | D:1      | Reached XP level 1. HP: 18/18 MP: 1/1
   230 | D:1      | Gained mutation: You have sharp toenails. [demonic ancestry]
   230 | D:1      | Reached XP level 2. HP: 23/24 MP: 2/2
   509 | D:1      | Reached skill level 1 in Unarmed Combat
   803 | D:1      | Gained mutation: You are slightly more attuned to the shadows. [demonic ancestry]
   803 | D:1      | Reached XP level 3. HP: 29/29 MP: 3/3
  1056 | D:1      | Reached skill level 2 in Unarmed Combat
  1185 | D:2      | Reached XP level 4. HP: 21/35 MP: 4/4
  1337 | D:2      | Found an iron altar of Okawaru.
  1353 | D:2      | Became a worshipper of Warmaster Okawaru
  1502 | D:2      | Reached skill level 3 in Unarmed Combat
  1879 | D:2      | Found a faded altar to an unknown god.
  1904 | D:2      | Noticed Jessica
  1909 | D:2      | Killed Jessica
  2208 | D:2      | Reached XP level 5. HP: 36/41 MP: 5/5
  2699 | D:3      | Reached skill level 4 in Unarmed Combat
  3325 | D:3      | HP: 2/41 [kobold/wand of lightning (21)]
  4070 | D:3      | Found a burning altar of Makhleb.
  4192 | D:3      | Gained mutation: Your flesh is cold resistant. [demonic ancestry]
  4192 | D:3      | Reached XP level 6. HP: 14/47 MP: 6/6
  4203 | D:3      | Reached skill level 5 in Unarmed Combat
  4885 | D:4      | Noticed Menkaure
  5191 | D:4      | Paralysed by an orc for 6 turns
  5570 | D:4      | Killed Menkaure
  5570 | D:4      | Reached * piety under Okawaru
  5570 | D:4      | Reached skill level 6 in Unarmed Combat
  5570 | D:4      | Reached XP level 7. HP: 33/52 MP: 7/7
  5752 | D:4      | Found an ancient bone altar of Kikubaaqudgha.
  5958 | D:4      | Noticed Robin
  6351 | D:4      | Reached skill level 7 in Unarmed Combat
  6437 | D:4      | Killed Robin
  6581 | D:5      | Entered Level 5 of the Dungeon
  6637 | D:5      | Found an oddly glowing altar of Pakellas.
  6854 | D:5      | Reached ** piety under Okawaru
  7021 | D:5      | Reached skill level 8 in Unarmed Combat
  7187 | D:6      | Noticed Blork the orc
  7201 | D:6      | Killed Blork the orc
  7201 | D:6      | Gained mutation: You are partially covered in yellow scales (AC +2). [demonic ancestry]
  7201 | D:6      | Reached XP level 8. HP: 51/58 MP: 8/8
  7225 | D:6      | Noticed Edmund
  7237 | D:6      | Killed Edmund
  7594 | D:6      | Noticed Pikel
  7830 | D:6      | Reached skill level 9 in Unarmed Combat
  7846 | D:6      | Gained mutation: You regenerate slowly when monsters are visible. [mutagenic meat]
  7847 | D:6      | Gained mutation: You have a pair of small antennae on your head. [mutagenic meat]
  7848 | D:6      | Gained mutation: You are clumsy. (Dex -2) [mutagenic meat]
  7850 | D:6      | Gained mutation: Your spells are a little harder to cast, but a little more powerful. [mutagenic meat]
  8168 | D:5      | Killed Pikel
  8168 | D:5      | Reached *** piety under Okawaru
  8168 | D:5      | Reached skill level 10 in Unarmed Combat
  8168 | D:5      | Gained mutation: You are immune to freezing clouds. [demonic ancestry]
  8168 | D:5      | Reached XP level 9. HP: 38/63 MP: 9/9
  8219 | D:6      | Noticed Prince Ribbit
  8523 | D:6      | Found a shattered altar of Ashenzari.
  8755 | D:7      | Noticed Joseph
  8905 | D:7      | Killed Joseph
  8905 | D:7      | Reached skill level 11 in Unarmed Combat
  8925 | D:7      | Found a sand-covered staircase.
  8976 | Ossuary  | Entered an ossuary
  9306 | Ossuary  | Reached **** piety under Okawaru
  9709 | Ossuary  | Reached skill level 12 in Unarmed Combat
 10031 | D:7      | Found a staircase to the Ecumenical Temple.
 10053 | D:7      | Found a bloodstained altar of Trog.
 10054 | D:7      | Found a sacrificial altar of Ru.
 10512 | D:7      | Gained mutation: You are significantly more attuned to the shadows. [demonic ancestry]
 10512 | D:7      | Reached XP level 10. HP: 50/70 MP: 10/10
 10631 | D:7      | Found a glowing golden altar of the Shining One.
 10631 | D:7      | Found a sparkling altar of Nemelex Xobeh.
 10794 | D:7      | You fall through a shaft for 3 floors!
 10794 | D:10     | Entered Level 10 of the Dungeon
 10869 | D:10     | Noticed a hill giant
 11011 | D:10     | Noticed Urug
 11065 | D:9      | Found Ustrogg's Antique Armour Emporium.
 11088 | D:8      | Killed Prince Ribbit
 11539 | D:8      | Found a blossoming altar of Fedhas.
 11579 | D:8      | Noticed Maurice
 11586 | D:8      | Reached skill level 13 in Unarmed Combat
 11976 | D:8      | Killed Maurice
 11976 | D:8      | Received a gift from Okawaru
 12706 | D:9      | Found a shadowy altar of Dithmenos.
 12747 | D:9      | Noticed a griffon
 12748 | D:9      | Reached ***** piety under Okawaru
 12765 | D:9      | Noticed Erica
 13063 | D:9      | Killed from afar by Erica

Skill      XL: |  1  2  3  4  5  6  7  8  9 10 |
---------------+-------------------------------+-----
Axes           | 2 |  2.6
Unarmed Combat | 1 2 3 4 6 8 10 12 13 | 13.6
Fighting       | |  3.0
Armour         | |  2.6
Shields        | |  2.6

Action                   |  1- 3 |  4- 6 |  7- 9 | 10-12 || total
-------------------------+-------+-------+-------+-------++-------
Melee: War axe           |   106 |   191 |       |       ||   297
       Kick              |    14 |    72 |   193 |    37 ||   316
       Unarmed           |       |   112 |   626 |   203 ||   941
Invok: Heroism           |       |       |     3 |     3 ||     6
Evoke: Wand              |       |     2 |     1 |     6 ||     9
  Use: Scroll            |       |     6 |    12 |     2 ||    20
       Potion            |       |     2 |     5 |     1 ||     8
 Stab: Distracted        |     1 |       |       |       ||     1
       Paralysed         |       |       |     3 |     6 ||     9
       Sleeping          |       |       |       |     3 ||     3
  Eat: Chunk             |     1 |    14 |    18 |     8 ||    41
       Pizza             |       |       |     1 |       ||     1
       Beef jerky        |       |       |     1 |       ||     1
Armor: Scale mail        |    49 |   106 |   203 |    80 ||   438
Dodge: Dodged            |    24 |   103 |   144 |    57 ||   328
Block: Shield            |    53 |   145 |   235 |    54 ||   487
